 Dungeon Crawl Stone Soup version 0.32-a0-18-g89e19f1974 (webtiles) character file.

Game seed: 11380934129579562336

68 12sPaWn12 the Covered (level 4, -2/29 HPs)
             Began as a Gargoyle Fighter on Jan 17, 2024.
             Slain by Terence
             ... wielding the +7 Throatcutter {drain, coup de grace}
              (9 damage)
             ... on level 2 of the Dungeon.
             The game lasted 00:03:30 (1163 turns).

12sPaWn12 the Covered (Gargoyle Fighter)            Turns: 1163, Time: 00:03:31

Health: -2/29      AC: 11    Str: 22    XL:     4   Next: 19%
Magic:  4/4        EV:  9    Int:  8    God:
Gold:   95         SH:  4    Dex:  9    Spells: 3/3 levels left

rFire   . . .        a - +0 flail
rCold   . . .        c - +0 buckler
rNeg    + . .        b - +0 scale mail
rPois   ∞            l - +0 helmet
rElec   +            (no cloak)
rCorr   .            (no gloves)
SInv    .            (no boots)
Will    .....        (no amulet) Stlth
                     (no ring)
HPRegen 0.24/turn    (no ring)
MPRegen 0.09/turn

%: no passive effects
@: mighty
A: sickness immunity, AC +3, negative energy resistance 1, electricity
resistance, torment resistance 1, petrification resistance
a: no special abilities


You were on level 2 of the Dungeon.
You visited 1 branch of the dungeon, and saw 2 of its levels.

You collected 95 gold pieces.

Inventory:

Hand Weapons
 a - a +0 flail (weapon)
Armour
 b - a +0 scale mail (worn)
 c - a +0 buckler (worn)
 l - a +0 helmet (worn)
Scrolls
 f - 2 scrolls of fear {unknown}
 i - 3 scrolls of identify {unknown}
 j - 2 scrolls of vulnerability {unknown}
 k - a scroll of poison {unknown}
Potions
 e - a potion of curing {unknown}
 h - a potion of enlightenment {unknown}


   Skills:
 * Level 3.8 Fighting
 * Level 3.0 Maces & Flails
 * Level 3.9 Armour
 * Level 3.7 Shields


You had 3 spell levels left.
You didn't know any spells.
Your spell library contained the following spells:

 Spells                   Type           Power      Damage    Failure   Level
 Frozen Ramparts          Ice            0%         1d1       99%         3
 Leda's Liquefaction      Alch/Erth      0%         N/A       100%        4
 Petrify                  Alch/Erth      0%         N/A       100%        4
 Metabolic Englaciation   Hex/Ice        0%         N/A       100%        5
 Summon Forest            Summ/Tloc      0%         N/A       100%        5
 Eringya's Noxious Bog    Alch           0%         4d6       100%        6
 Summon Hydra             Summ           0%         N/A       100%        7


Dungeon Overview and Level Annotations

Branches:
Dungeon (2/15)

Altars:

Annotations:
D:2 Terence


Innate Abilities, Weirdness & Mutations

You are immune to sickness and miasma.
Your stone body is resilient. (AC +3)
You are immune to poison.
You resist negative energy. (rN+)
You are resistant to electric shocks. (rElec)
You are resistant to unholy torment.
You are immune to petrification.


Message History

You see here a +0 helmet.
l - a +0 helmet You start putting on your armour.
You continue putting on your +0 helmet. x4
You finish putting on your +0 helmet.
You drop a ring of resist corrosion.
A quokka comes into view.
The quokka barely misses you.
You sock the quokka!
You kill the quokka!
No target in view!
No target in view!
No target in view!
No target in view!
No target in view!
No target in view!
No target in view!
No target in view!
No target in view!
No target in view!
No target in view!
No target in view!
Terence the Incautious comes into view.
He is wielding the +7 Throatcutter {drain, coup de grace}.
You feel very mighty all of a sudden.
You barely miss Terence. Terence closely misses you.
You closely miss Terence. Terence closely misses you.
You barely miss Terence. Terence hits you but does no damage.
You closely miss Terence.
Terence hits you with the +7 Throatcutter {drain, coup de grace}!
Terence hits you with the +7 Throatcutter {drain, coup de grace}.
You closely miss Terence.
Terence hits you with the +7 Throatcutter {drain, coup de grace}!
* * * LOW HITPOINT WARNING * * *
You barely miss Terence. You block Terence's attack.
You hit Terence.
Terence is moderately wounded.
Terence hits you with the +7 Throatcutter {drain, coup de grace}.
* * * LOW HITPOINT WARNING * * *
Terence hits you with the +7 Throatcutter {drain, coup de grace}!
You die...
Terence says, "Rest in peace."

#..#..##..#..#..##
#..#.)##..#..#...#
#[.#..)...#..#.#.####
##.##....##.##......# .
#..######..#..####.#
...##........##=.# #
#...###....###.).#
#.....######...#.#
#.@@.........#######
#...!........##........
#######################


You could see Terence.

Vanquished Creatures
  3 adders (D:2)
  A dart slug (D:2)
  2 ribbon worms (D:2)
  A ball python (D:2)
  3 endoplasms
  A giant cockroach (D:2)
  3 goblins
  7 hobgoblins
  A kobold (D:2)
  2 quokkas
  2 bats (D:1)
  3 frilled lizards
  6 rats
35 creatures vanquished.

Notes
Turn   | Place    | Note
-------+----------+-------------------------------------------
     0 | D:1      | 12sPaWn12 the Gargoyle Fighter began the quest for the Orb.
     0 | D:1      | Reached XP level 1. HP: 14/14 MP: 1/1
   110 | D:1      | Reached XP level 2. HP: 19/19 MP: 2/2
   552 | D:1      | Found a faded altar of an unknown god.
   665 | D:2      | Reached XP level 3. HP: 23/23 MP: 3/3
   974 | D:2      | Reached XP level 4. HP: 12/29 MP: 4/4
  1153 | D:2      | Noticed Terence
  1163 | D:2      | Slain by Terence

Illustrated notes

Levels and vault maps discovered:
D:1:      roderic_octagonal_star, layout_loops_ring,
          dreamdust_ecumenical_altar_angels_and_demons
D:2:      layout_loops_ring, minmay_randomly_rotated_circles, uniq_robin,
          uniq_terence

Skill      XL: |  1  2  3  4 |
---------------+-------------+-----
Maces & Flails | 3 |  3.0
Fighting       | |  3.8
Armour         | |  3.9
Shields        | |  3.7

Action                     |  1- 3 |  4- 6 || total
---------------------------+-------+-------++-------
  Melee: Flail             |   105 |    20 ||   125
    Use: Potion            |       |     1 ||     1
 Armour: Scale mail        |    65 |    11 ||    76
  Dodge: Dodged            |    47 |     7 ||    54
  Block: Buckler           |    32 |     2 ||    34

Table legend: (Time is in decaauts)
 A = Elapsed time spent in this place.
 B = Non-inter-level travel time spent in this place.
 C = Inter-level travel time spent in this place.
 D = Time resting spent in this place.
 E = Time spent auto-exploring this place.
 F = Levels seen in this place.
 G = Mean time per level.
                   A        B        C        D        E       F      G
               +--------+--------+--------+--------+--------+-----+--------+
         Total |   1200 |   1159 |     41 |      0 |    881 |   2 |  600.0 |
       Dungeon |   1200 |   1159 |     41 |      0 |    881 |   2 |  600.0 |
               +--------+--------+--------+--------+--------+-----+--------+

Top non-repeatable levels by time:
     D:1: 652 daAuts
     D:2: 548 daAuts
